 Dungeon Crawl Stone Soup version 0.30-a0-778-g2ef04afb54 (webtiles) character file.

Game seed: 1442030363834673399

7 Esekla the Sneak (level 2, 21/21 HPs)
             Began as an Octopode Delver on Feb 16, 2023.
             Quit the game on level 5 of the Dungeon.
             The game lasted 00:04:36 (354 turns).

Esekla the Sneak (Octopode Delver)                   Turns: 354, Time: 00:04:37

Health: 21/21      AC:  1    Str: 11    XL:     2   Next: 4%
Magic:  2/2        EV: 13    Int: 12    God:
Gold:   20         SH:  0    Dex: 13    Spells: 1/1 levels left

rFire   . . .      SeeInvis .    a - +0 falchion
rCold   . . .      Faith    .    (no shield)
rNeg    . . .      Spirit   .    (helmet restricted)
rPois   .          Reflect  .    (no amulet)
rElec   .          Harm     .    (no ring)
rCorr   .          Rampage  .    (no ring)
Will    .....                    (no ring)
Stlth   ++++                     (no ring)
HPRegen 0.23/turn                (no ring)
MPRegen 0.08/turn                (no ring)
                                 (no ring)
                                 (no ring)

@: no status effects
A: almost no armour, amphibious, 8 rings, camouflage 1, gelatinous body 1,
(nimble swimmer 1), tentacles
a: no special abilities


You were on level 5 of the Dungeon.
You visited 2 branches of the dungeon, and saw 2 of its levels.

You collected 20 gold pieces.

Inventory:

Hand Weapons
 a - a +0 falchion (weapon)
Wands
 f - a wand of digging (3)
 g - a wand of charming (9)
Scrolls
 b - a scroll of fog
 d - a scroll of fear
 h - a scroll of immolation {unknown}
Potions
 c - a potion of mutation {unknown}
 e - a potion of haste
 i - a potion of degeneration {unknown}
 j - 2 potions of brilliance {unknown}


   Skills:
 * Level 3.1 Fighting
 * Level 2.0 Long Blades
 * Level 2.1 Dodging
 + Level 6.8 Stealth
 * Level 0.2 Spellcasting


You had one spell level left.
You didn't know any spells.
Your spell library was empty.

Dungeon Overview and Level Annotations

Branches:
Dungeon (5/15)             Temple (1/1) D:5

Altars:
Ashenzari
Dithmenos
Hepliaklqana
Kikubaaqudgha
Nemelex Xobeh
Okawaru
Ru
Sif Muna
Trog
Vehumet
Zin
The Shining One

Shops:
D:5 [*


Innate Abilities, Weirdness & Mutations

You cannot wear most types of armour.
You are amphibious.
You can wear up to eight rings at the same time.
Your skin changes colour to match your surroundings (Stealth+).
Your rubbery body absorbs attacks. (AC +1, EV +1)
((You are camouflaged when in or above water. (Stealth+)))
You have tentacles for arms and can constrict up to eight enemies at once.


Message History

There is a staircase to the Ecumenical Temple here.
Found an escape hatch in the ceiling.
Found a stone staircase leading down.
Found Erutac's General Store.
There is an entrance to Erutac's General Store here.
You can access your shopping list by pressing '$'.
You slash the orc!
You kill the orc!
You see here a +0 club.
An ufetubus comes into view.
Found a bubbling pink potion and a pitted sling.
Found a stone staircase leading up.
You see here a bubbling pink potion.
i - a bubbling pink potion You see here the +5 sling of Inconvenience {freeze, rPois rF+++ rCorr Stlth-}.
The helpless ufetubus fails to defend itself.
You slash the ufetubus!
You kill the ufetubus!
You have reached level 2!
Found a trident.
Found 5 stones.
Found Otul's Armour Emporium.
An ogre comes into view. It is wielding a +0 giant club.
An orc comes into view. It is wielding a +0 dagger.
Found 28 gold pieces.
There is an entrance to Otul's Armour Emporium here.
Found 2 blue potions.
A jelly comes into view.
The jelly moves out of view.
j - 2 blue potions
Found a stone staircase leading up.
There is a stone staircase leading up here.
Found 20 gold pieces.
A water moccasin comes into view.
Found a spear.
You see here 20 gold pieces.
You now have 20 gold pieces.
Found 10 gold pieces.
Found a broken altar of Ashenzari.
Found a runed short sword.
Are you sure you want to abandon this character and quit the game? (Confirm with "yes".)

#.# *#.##.##*** #.#
##......$,,****** #.##
#...S..,,,,,,,,,** #..#
#.....,..,,,,,,,,*
##.###.#.#..#******,,,*
#..........#*#****,,,*
#..##.##.....),,**,,,*
#..##.###.....,,**,,,* ###**
#..##.@...#***,,**,,,* ....*
#..##.##.....#,,**,,,* ###.*
#..##.#**.._.#,,**,,,* *,*
#...#.# *,...#,,,,,,,* ***,*
#...#.# *,,...,,,,,,,*
,,,,*******,,,#.#**,*,##*****,,*
***,,,,,,,,,,,...,,,,,* *,,*
*,******,,,,..*****,* *,,*
*,,,,,,,,,,,*******,**** *,,*


There were no monsters in sight!

Vanquished Creatures
  An ufetubus (D:5)
  An orc (D:5)
2 creatures vanquished.

Notes
Turn   | Place    | Note
-------+----------+-------------------------------------------
     0 | D:5      | Esekla the Octopode Delver began the quest for the Orb.
     0 | D:5      | Reached XP level 1. HP: 16/16 MP: 1/1
    45 | D:5      | Found a staircase to the Ecumenical Temple.
    58 | Temple   | Entered the Ecumenical Temple
   273 | D:5      | Found Erutac's General Store.
   296 | D:5      | Identified the +5 sling of Inconvenience {freeze, rPois
                  | rF+++ rCorr Stlth-}
   300 | D:5      | Reached XP level 2. HP: 21/21 MP: 2/2
   301 | D:5      | Found Otul's Armour Emporium.
   303 | D:5      | Noticed an ogre
   348 | D:5      | Noticed a water moccasin
   352 | D:5      | Found a broken altar of Ashenzari.
   354 | D:5      | Quit the game

Illustrated notes

Levels and vault maps discovered:
D:5:      layout_loops_ring, mainiacjoe_overflow_chevrons, temple_hall,
          serial_shops, nicolae_shop_stone, nicolae_shop_advertising_works
          [nicolae_subvault_shop_adworks], kennysheep_generic_room_3
Temple:   bh_familiar_temple

Action                     || total
---------------------------++-------
  Melee: Falchion          ||     2
    Use: Scroll            ||     1
   Stab: Sleeping          ||     1

Table legend: (Time is in decaauts)
 A = Elapsed time spent in this place.
 B = Non-inter-level travel time spent in this place.
 C = Inter-level travel time spent in this place.
 D = Time resting spent in this place.
 E = Time spent auto-exploring this place.
 F = Levels seen in this place.
 G = Mean time per level.
                   A        B        C        D        E       F      G
               +--------+--------+--------+--------+--------+-----+--------+
         Total |    354 |    333 |     21 |      0 |    162 |   2 |  177.0 |
       Dungeon |    172 |    171 |      1 |      0 |     37 |   1 |  172.0 |
        Temple |    181 |    161 |     20 |      0 |    125 |   1 |  181.0 |
               +--------+--------+--------+--------+--------+-----+--------+

Top non-repeatable levels by time:
  Temple: 181 daAuts
     D:5: 172 daAuts
